 Dungeon Crawl Stone Soup version 0.16-a0-3807-g3748f16 (webtiles) character file.

32 Ololoev the Caller (level 3, 0/24 HPs)
             Began as a Mummy Summoner on Jan 27, 2015.
             Slain by a giant gecko (2 damage)
             ... on level 2 of the Dungeon.
             The game lasted 00:03:55 (2065 turns).

Ololoev the Caller (Mummy Summoner)                 Turns: 2065, Time: 00:03:55

Health: 0/24       AC:  2    Str: 11    XL:     3   Next: 8%
Magic:  4/6        EV: 12    Int: 15    God:
Gold:   78         SH:  0    Dex: 12    Spells: 3 memorised, 0 levels left

rFire  x . .     SeeInvis .     d - +0 spear
rCold  + . .     Clarity  .     a - +0 robe
rNeg   + + +     SustAb   .     (no shield)
rPois  ∞         Gourm    .     (no helmet)
rElec  .         Spirit   .     (no cloak)
rCorr  .         Warding  .     (no gloves)
rMut   .         Stasis   .     (no boots)
MR     +....                    (no amulet)
Stlth  ++........               (no ring)
                                i - ring of protection from magic

@: somewhat resistant to hostile enchantments, unstealthy
A: no food or potions, fire vulnerability, restore body, cold resistance 1,
negative energy resistance 3, poison resistance, torment resistance, unbreathing
a: no special abilities


You were on level 2 of the Dungeon.
You were not hungry.

You visited 1 branch of the dungeon, and saw 2 of its levels.

You collected 78 gold pieces.

Notes
Turn   | Place    | Note
--------------------------------------------------------------
     0 | D:1      | Ololoev, the Mummy Summoner, began the quest for the Orb.
     0 | D:1      | Reached XP level 1. HP: 13/13 MP: 3/3
   562 | D:1      | Reached XP level 2. HP: 5/19 MP: 1/4
  1391 | D:1      | Reached skill level 4 in Summonings
  1775 | D:2      | Reached XP level 3. HP: 6/24 MP: 0/6
  1961 | D:2      | Learned a level 2 spell: Call Imp
  1974 | D:2      | Learned a level 3 spell: Call Canine Familiar
  2065 | D:2      | Slain by a giant gecko

Inventory:

Hand weapons
 d - a +0 spear (weapon)
Armour
 a - a +0 robe (worn)
Jewellery
 i - a ring of protection from magic (left hand)
Scrolls
 c - a scroll of fog {unknown}
 e - 2 scrolls of identify {unknown}
 f - 2 scrolls of remove curse {unknown}
 g - a scroll of immolation {unknown}
 h - a scroll of magic mapping {unknown}
 j - a scroll of fear {unknown}
 k - a scroll of blinking {unknown}
Books
 b - a book of Callings

   Spells                             Type                      Level
   a - Summon Small Mammal            Summoning                    1
   b - Call Imp                       Summoning                    2
   c - Call Canine Familiar           Summoning                    3
   d - Summon Guardian Golem          Hexes/Summoning              4
   e - Summon Lightning Spire         Summoning/Air                4
   f - Summon Ice Beast               Ice/Summoning                4

Table legend:
 A = Turns spent in this place as a percentage of turns spent in the entire game.
 B = Non-inter-level travel turns spent in this place as a percentage of non-inter-level travel turns spent in the entire game.
 C = Inter-level travel turns spent in this place as a percentage of turns spent in this place.
 D = Turns resting spent in this place as a percentage of non-inter-level travel turns spent in this place.
 E = Turns spent auto-exploring this place as a percentage of non-inter-level travel turns spent in this place.
 F = Non-inter-level travel turns spent in this place divided by the number of levels of this place that you've seen.
                   A       B       C       D       E      F
               +-------+-------+-------+-------+-------+----------------------
         Total | 100.0 | 100.0 |   0.2 |   4.7 |   9.0 | 310.5
       Dungeon | 100.0 | 100.0 |   0.2 |   4.7 |   9.0 | 310.5
               +-------+-------+-------+-------+-------+----------------------


   Skills:
 - Level 1.5 Dodging
 - Level 1.5 Stealth
 - Level 2.0 Spellcasting
 + Level 4.1 Summonings


You couldn't memorise any spells.
You knew the following spells:

 Your Spells              Type           Power        Failure   Level  Hunger
a - Summon Small Mammal   Summ           ##..         4%          1    N/A
b - Call Imp              Summ           ##......     8%          2    N/A
c - Call Canine Familiar  Summ           ##......     14%         3    N/A

Dungeon Overview and Level Annotations

Branches:
Dungeon (2/15)

Altars:


Innate Abilities, Weirdness & Mutations

You do not eat or drink.
Your flesh is vulnerable to fire.
Your flesh is cold resistant.
You are immune to negative energy.
Your system is resistant to poisons.
You are immune to unholy pain and torment.
You can survive without breathing.


Message History

You barely miss the giant gecko.
The giant gecko is moderately wounded.
The giant gecko bites you. The giant gecko closely misses you.
You hit the giant gecko but do no damage.
The giant gecko is moderately wounded.
The giant gecko closely misses you.
You barely miss the giant gecko.
The giant gecko is moderately wounded.
The giant gecko misses you.
You barely miss the giant gecko.
The giant gecko is moderately wounded.
The giant gecko bites you. x2
You barely miss the giant gecko.
The giant gecko is moderately wounded.
The giant gecko bites you.
You are too injured to fight recklessly!
You are too injured to fight recklessly!
You are too injured to fight recklessly!
You are too injured to fight recklessly!
You are too injured to fight recklessly!
You are too injured to fight recklessly!
You are too injured to fight recklessly!
A giant gecko is nearby!
You barely miss the giant gecko.
The giant gecko is moderately wounded.
The giant gecko bites you.
You closely miss the giant gecko.
The giant gecko is moderately wounded.
The giant gecko bites you but does no damage.
You closely miss the giant gecko.
The giant gecko is moderately wounded.
The giant gecko bites you. The giant gecko barely misses you.
Casting: Summon Small Mammal
Confirm with . or Enter, or press ? or * to list all spells.
A beastly little devil appears in a puff of flame.
The giant gecko bites you.
Your crimson imp blinks!
The giant gecko hisses menacingly.
The giant gecko bites you.
You die...

........ #.# ########
. ... ## #..##.# #. .#
#..##.. .. .####
#..##.# .# ....#
#..##.# .# ....#
#..##.#####.# ....#
#..##..##...# #...#
#..##....@..# #...#
#.......##l.#
#...####..##..#...####
..............#.....>#
#...####.#.†.....##.##
......#......##.#. .#
#####.#####.#...#.. 5
#.......#......##.
#####.........###.#. .


You could see a giant gecko and a friendly crimson imp.

Table legend:
 A = Kills in this place as a percentage of kills in entire the game.
 B = Kills by you in this place as a percentage of kills by you in the entire game.
 C = Kills by friends in this place as a percentage of kills by friends in the entire game.
 D = Other kills in this place as a percentage of other kills in the entire game.
 E = Experience gained in this place as a percentage of experience gained in the entire game.
 F = Experience gained in this place divided by the number of levels of this place that you have seen.
                   A       B       C       D       E      F
               +-------+-------+-------+-------+-------+----------------------
         Total | 100.0 | 100.0 | 100.0 |  -nan | 100.0 |  23.0
       Dungeon | 100.0 | 100.0 | 100.0 |  -nan | 100.0 |  23.0
               +-------+-------+-------+-------+-------+----------------------

Vanquished Creatures
  2 giant geckos (D:1)
  3 hobgoblins (D:1)
  4 kobolds (D:1)
  2 ball pythons
  6 bats
  2 giant newts
  2 goblins
  A quokka (D:2)
  4 rats (D:1)
26 creatures vanquished.

Vanquished Creatures (collateral kills)
  An adder (D:2)
  A ball python (D:1)
  A goblin (D:1)
3 creatures vanquished.

Vanquished Creatures (others)
  2 bats
  A quokka (D:2)
  A rat (D:2)
4 creatures vanquished.

Grand Total: 33 creatures vanquished

Action                   || total
-------------------------++-------
Melee: Unarmed           ||    18
       Spear             ||    94
       Dagger            ||     3
 Cast: Summon Small Mamm ||    10
       Call Imp          ||     1
 Stab: Sleeping          ||     1

Vault maps used:
D:1:      grunt_arrival_crossed_arrows
D:2:      first_bread, hangedman_decor_points
